 Dungeon Crawl Stone Soup version 0.30.1-9-gdf580d7c3d (webtiles) character file.

Game seed: 12007328547414535494

170 lonewolfV2 the Shield-Bearer (level 5, -1/43 HPs)
             Began as a Formicid Fighter on Oct 22, 2023.
             Killed by divine providence
             ... invoked by an orc priest
              (10 damage)
             ... on level 4 of the Dungeon.
             The game lasted 00:03:41 (2560 turns).

lonewolfV2 the Shield-Bearer (Formicid Fighter)     Turns: 2560, Time: 00:03:42

Health: -1/43      AC:  8    Str: 22    XL:     5   Next: 80%
Magic:  5/5        EV:  9    Int:  8    God:
Gold:   133        SH:  0    Dex: 13    Spells: 4/4 levels left

rFire   . . .        a - +1 war axe
rCold   . . .        c - +0 buckler
rNeg    . . .        b - +0 scale mail
rPois   .            (helmet unavailable)
rElec   .            (no cloak)
rCorr   .            l - +0 pair of gloves
SInv    +            (no boots)
Will    .....        i - amulet of regeneration Stlth
                     (no ring)
HPRegen 1.07/turn    (no ring)
MPRegen 0.09/turn

%: no passive effects
@: confused
A: permanent stasis, dig shafts and tunnels, antennae 3, four strong arms
a: Dig, Shaft Self


You were on level 4 of the Dungeon.
You visited 1 branch of the dungeon, and saw 4 of its levels.

You collected 133 gold pieces.

Inventory:

Hand Weapons
 a - a +1 war axe (weapon)
Armour
 b - a +0 scale mail (worn)
 c - a +0 buckler (worn)
 l - a +0 pair of gloves (worn)
Jewellery
 i - an amulet of regeneration (around neck)
Scrolls
 h - a scroll of teleportation
Potions
 d - a potion of might
 e - a potion of haste
 f - a potion of heal wounds {unknown}
 g - 3 potions of curing {unknown}
 j - a potion of invisibility
 k - a potion of flight {unknown}
 m - a potion of ambrosia {unknown}


   Skills:
 + Level 4.6 Fighting
 - Level 2.0 Axes
 + Level 4.6 Armour
 + Level 5.6 Shields


You had 4 spell levels left.
You didn't know any spells.
Your spell library contained the following spells:

 Spells                   Type           Power      Damage    Failure   Level
 Magic Dart               Conj           0%         1d3       78%         1
 Ensorcelled Hibernation  Hex/Ice        0%         N/A       89%         2
 Passwall                 Tmut/Erth      0%         N/A       89%         2
 Searing Ray              Conj           0%         2d4       89%         2
 Stone Arrow              Conj/Erth      0%         3d7       98%         3
 Animate Armour           Summ/Erth      0%         N/A       100%        4
 Fulminant Prism          Conj/Hex       0%         3d5       100%        4
 Lehudib's Crystal Spear  Conj/Erth      0%         10d2      100%        8
 Chain Lightning          Conj/Air       0%         N/A       100%        9
 Fire Storm               Conj/Fire      0%         5d1       100%        9
 Shatter                  Erth           0%         3d5*      100%        9
 Swiftness                Air            Unusable   N/A       N/A         3

Dungeon Overview and Level Annotations

Branches:
Dungeon (4/15)
 Temple: D:4-7

Altars:
Trog

Shops:
D:1 !


Innate Abilities, Weirdness & Mutations

You cannot be hasted, slowed, berserked, paralysed or teleported.
You can dig through walls and to a lower floor.
You have a pair of large antennae on your head. (SInv)
Your four strong arms can wield two-handed weapons with a shield.


Message History

You closely miss the orc wizard.
You feel less confused. You block the scorpion's attack.
The orc wizard hits you but does no damage.
The orc wizard gestures at you while chanting.
The magic dart hits you! The scorpion barely misses you.
The orc wizard hits you but does no damage.
The orc wizard barely misses you.
Unknown command.
You slash the scorpion!
You kill the scorpion!
You closely miss the orc wizard. x2; The orc wizard barely misses you.
The orc wizard hits you with a +0 dagger.
You hit the orc.
The orc is lightly wounded.
You hit the orc wizard.
You hit the orc wizard but do no damage.
The orc hits you with a +0 club.
The orc wizard hits you but does no damage. x2
The orc priest calls upon Beogh to heal the orc.
The orc's wounds heal themselves!
The orc wizard closely misses you. The orc wizard casts a spell at you.
You are confused.
The orc hits you but does no damage.
The orc priest looks braver for a moment.
Unknown command.
The orc wizard hits you but does no damage.
The orc priest invokes the aid of Beogh against you.
Beogh smites you!
* * * LOW HITPOINT WARNING * * *
Things that are here:
a +0 short sword; an orc corpse You closely miss the orc wizard.
The orc wizard is severely wounded.
You hit the orc wizard but do no damage.
The orc priest invokes the aid of Beogh against you.
The orc wizard struggles to resist.
The orc wizard barely misses you.
The orc priest calls down the wrath of Beogh upon you.
Beogh smites you!
You die...

#.#.. :.... . #....
....#. ..##...###......
..............#
#....)........
..#....$...#
#.#..#....# o
#.#..#@oo####....
#####.#..#.o†ooo.....
#...[.#....##o###.###
+.....)....##.#.#
#.....#)...#....#
#......#.......#.#
#......#.......<.#
#..<...#.......).......
#...#..#.......#.#.##.#


You could see 2 orc priests, 2 orc wizards and 3 orcs.

Vanquished Creatures
  A scorpion (D:4)
  2 adders
  3 dart slugs
  4 orcs (D:4)
  9 bats
  7 endoplasms
  3 giant cockroaches
  9 goblins
  2 hobgoblins
  4 jackals (D:1)
  12 kobolds
  2 quokkas
  7 ball pythons
  8 frilled lizards
  8 rats
81 creatures vanquished.

Notes
Turn   | Place    | Note
-------+----------+-------------------------------------------
     0 | D:1      | lonewolfV2 the Formicid Fighter began the quest for the
                  | Orb.
     0 | D:1      | Reached XP level 1. HP: 18/18 MP: 1/1
    57 | D:1      | Reached XP level 2. HP: 17/24 MP: 2/2
   128 | D:1      | Found Ezecwur's Distillery.
   249 | D:1      | Reached XP level 3. HP: 29/30 MP: 3/3
   473 | D:1      | Found a faded altar of an unknown god.
   527 | D:1      | You fall into a shaft and drop 1 floor!
  1196 | D:2      | Reached XP level 4. HP: 33/37 MP: 4/4
  1362 | D:2      | Reached skill level 5 in Shields
  1776 | D:3      | Found a bloodstained altar of Trog.
  2492 | D:4      | Reached XP level 5. HP: 42/42 MP: 5/5
  2516 | D:4      | Identified the +0 robe "Ovycitwu" {Str+3}
  2560 | D:4      | Killed from afar by an orc priest

Illustrated notes

Levels and vault maps discovered:
D:1:      heliophobic_arrival_henge, layout_loops_ring,
          shapermc_ecumenical_altar_ellora, serial_shops, shop
D:2:      layout_loops_corners
D:3:      layout_loops_ring, trog_three_pillars_becter
D:4:      layout_basic, chequers_temple_overflow_statue_of_worship,
          amcnicky_altar_lugonu_corruption

Skill      XL: |  1  2  3  4 |
---------------+-------------+-----
Armour         | 4 |  4.6
Fighting       | 4 |  4.6
Shields        | 5 |  5.6
Axes           | |  2.0

Action                     |  1- 3 |  4- 6 || total
---------------------------+-------+-------++-------
  Melee: War axe           |   124 |   108 ||   232
    Use: Scroll            |     2 |     4 ||     6
 Armour: Scale mail        |    67 |    84 ||   151
  Dodge: Dodged            |    66 |    68 ||   134
  Block: Buckler           |    47 |    39 ||    86
